 Dungeon Crawl Stone Soup version 0.24-a0-132-ge4b1dce (webtiles) character file.

Game seed: 0

19553 nikopol the Thaumaturge (level 12, -6/64 HPs)
             Began as a Deep Elf Fire Elementalist on Feb 27, 2019.
             Was a Priest of Vehumet.
             Mangled by a swamp worm (16 damage)
             ... on level 3 of the Lair of Beasts.
             The game lasted 00:40:23 (12432 turns).

nikopol the Thaumaturge (DEFE)                     Turns: 12432, Time: 00:40:24

Health: -6/64      AC:  9    Str:  5    XL:     12   Next: 37%
Magic:  29/32      EV: 20    Int: 26    God:    Vehumet [***...]
Gold:   505        SH:  0    Dex: 15    Spells: 25/40 levels left

rFire    . . .     SeeInvis +   g - +3 dagger (speed)
rCold    . . .     Gourm    .   (no shield)
rNeg     + . .     Faith    .   a - +0 robe
rPois    .         Spirit   .   D - +2 hat {SInv}
rElec    .         Reflect  .   C - +0 cloak {+Inv}
rCorr    .         Harm     .   y - +1 pair of gloves
MR       +....                  H - +0 pair of boots
Stlth    +++.......             e - amulet of magic regeneration
HPRegen  0.20/turn              l - +4 ring of evasion
MPRegen  0.48/turn              n - ring of positive energy

@: about to teleport
A: no striking features
a: Renounce Religion, Evoke Invisibility


You were on level 3 of the Lair of Beasts.
You worshipped Vehumet.
Vehumet was most pleased with you.
You were hungry.

You visited 3 branches of the dungeon, and saw 13 of its levels.
You also visited: Sewer.

You collected 505 gold pieces.

Inventory:

Hand Weapons
 g - a +3 dagger of speed (weapon)
Armour
 a - a +0 robe (worn)
 y - a +1 pair of gloves (worn)
 C - a +0 cloak of invisibility (worn)
 D - a +2 hat of see invisible (worn)
 H - a +0 pair of boots (worn)
Jewellery
 e - an amulet of magic regeneration (around neck)
 l - a +4 ring of evasion (left hand)
 n - a ring of positive energy (right hand)
Wands
 m - a wand of polymorph (5)
 A - a wand of enslavement (6)
 F - a wand of paralysis (6)
 G - a wand of acid (4)
Scrolls
 b - a scroll of remove curse
 d - 2 scrolls of teleportation
 f - a scroll of acquirement {unknown}
 j - 2 scrolls of fear {unknown}
 k - 2 scrolls of summoning {unknown}
 o - 2 scrolls of enchant armour
 p - 3 scrolls of noise {unknown}
 s - 2 scrolls of amnesia {unknown}
 w - 2 scrolls of enchant weapon
 x - 2 scrolls of fog {unknown}
Potions
 h - 9 potions of curing
 i - a potion of invisibility {unknown}
 q - 2 potions of flight
 r - 6 potions of haste
 t - a potion of might {unknown}
 u - a potion of mutation {unknown}
 v - 2 potions of heal wounds
 z - 2 potions of berserk rage
 B - 2 potions of lignification
 E - a potion of degeneration {unknown}
 J - a potion of brilliance {unknown}
 L - 3 potions of resistance
Miscellaneous
 I - a lightning rod (4/4)
 M - a phantom mirror
Comestibles
 c - 11 rations


   Skills:
 + Level 2.4 Fighting
 - Level 1.1 Short Blades
 * Level 5.1 Armour
 + Level 6.1 Dodging
 + Level 4.3 Stealth
 + Level 14.5 Spellcasting
 + Level 11.2 Conjurations
 + Level 11.8 Fire Magic


You had 25 spell levels left.
You knew the following spells:

 Your Spells              Type           Power        Failure   Level  Hunger
a - Flame Tongue          Conj/Fire      #####        1%          1    None
b - Throw Flame           Conj/Fire      ######       1%          2    None
c - Conjure Flame         Conj/Fire      ######..     1%          3    None
d - Sticky Flame          Conj/Fire      ######..     1%          4    None
e - Fireball              Conj/Fire      ######....   1%          5    ##.....

Your spell library contained the following spells:

 Spells                   Type           Power        Failure   Level  Hunger
 Ignite Poison            Fire/Tmut/Pois #####...     1%          3    None
 Magic Dart               Conj           ####         1%          1    None
 Searing Ray              Conj           ######       1%          2    None
 Dazzling Spray           Conj/Hex       #####.       1%          3    None
 Inner Flame              Hex/Fire       #####...     1%          3    None
 Force Lance              Conj/Tloc      #####...     1%          4    None
 Fulminant Prism          Conj/Hex       #####.....   1%          4    None
 Iskenderun's Mystic Bla  Conj           ######..     1%          4    None


Dungeon Overview and Level Annotations

Branches:
Dungeon (8/15)             Temple (1/1) D:5            Lair (4/6) D:8
  Snake (0/4) Lair:3
  Swamp: Lair:2-4    Shoals: Lair:2-4

Altars:
Ashenzari
Cheibriados
Dithmenos
Elyvilon
Fedhas
Gozag
Hepliaklqana
Kikubaaqudgha
Makhleb
Nemelex Xobeh
Okawaru
Qazlal
Sif Muna
Trog
Uskayaw
Vehumet
Wu Jian
Xom
Yredelemnul
Zin
The Shining One
Lugonu


Message History

The tyrant leech bites the plant!
The swamp worm throws harpoon shot at you.
The harpoon shot hits you!
You are yanked forward by the harpoon shot.
The swamp worm throws harpoon shot at you.
The harpoon shot misses you.
The harpoon shot hits the yak!!
The yak dies!
The swamp worm moves out of view.
The yak bellows! x2
A yak comes into view.
A tyrant leech comes into view.
There is a stone staircase leading up, spattered with blood here.
The swamp worm bites you!
* * * LOW HITPOINT WARNING * * *
The swamp worm throws harpoon shot at you.
The harpoon shot misses you. The yak misses you.
You climb upwards.
There is a stone staircase leading down here.
As you read the scroll of teleportation, it crumbles to dust.
You feel strangely unstable. The swamp worm bites you!
You die...

##.....# #.###.#.+#.#
#.....P####..#.(......
##..^....#............
##.....................
#......................
##.....................
#................>.....
#......(...............
##....w@.........#......
#.......Y..#....#.......
###..............)......
##....................
#(...................
###..............#.....
#......................
##.....................
#......##.............


You could see a yak and a swamp worm.

Vanquished Creatures
  Gastronok (Lair:1)
  A hydra (Lair:1)
  A two-headed ogre (D:6)
  Urug (Lair:1)
  Pikel (D:6)
  A deep elf mage (D:8)
  4 oklob plants (Lair:1)
  Joseph (D:7)
  2 black mambas
  5 elephants (Lair:2)
  4 spiny frogs
  6 komodo dragons
  A rime drake (Lair:3)
  Grinder (D:6)
  3 blink frogs (Lair:2)
  4 hippogriffs
  A wyvern (Lair:1)
  11 yaks
  Sigmund (D:6)
  A hungry ghost (D:8)
  5 water moccasins
  3 porcupines
  2 ice beasts (D:8)
  A sky beast (D:8)
  A black bear (D:7)
  2 phantoms
  5 ogres
  4 centaurs
  4 crocodiles
  9 bullfrogs
  5 scorpions
  2 electric eels
  A centaur zombie (D:6)
  4 crimson imps
  A bullfrog skeleton (D:4)
  2 jellies
  A bullfrog zombie (D:8)
  A hound (D:8)
  4 orc priests
  Crazy Yiuf (D:6)
  11 worker ants
  Natasha (thrice) (D:4)
  An orc wizard (D:8)
  A hound zombie (D:7)
  A hound skeleton (D:5)
  A worker ant zombie (D:7)
  3 gnolls (D:5)
  2 river rats (D:3)
  15 adders
  5 oozes
  2 adder zombies
  An adder skeleton (D:7)
  5 worms
  4 dart slugs
  5 leopard geckos
  27 orcs
  5 bats
  6 giant cockroaches
  10 goblins
  9 hobgoblins
  15 jackals
  12 kobolds
  9 quokkas
  2 ball pythons (D:2)
  5 frilled lizards
  A quokka zombie (D:5)
  14 rats
  A fungus (Lair:3)
  3 plants (Lair:1)
288 creatures vanquished.

Vanquished Creatures (others)
  A yak (Lair:4)
  A fungus (Lair:1)
  29 plants
31 creatures vanquished.

Grand Total: 319 creatures vanquished

Notes
Turn   | Place    | Note
-------+----------+-------------------------------------------
     0 | D:1      | nikopol the Deep Elf Fire Elementalist began the quest for
                  | the Orb.
     0 | D:1      | Reached XP level 1. HP: 10/10 MP: 6/6
   206 | D:1      | Reached XP level 2. HP: 15/15 MP: 4/8
   786 | D:2      | Reached XP level 3. HP: 19/19 MP: 5/10
   795 | D:2      | Learned a level 2 spell: Throw Flame
   799 | D:2      | Learned a level 3 spell: Conjure Flame
  1060 | D:2      | Reached XP level 4. HP: 24/24 MP: 5/11
  1431 | D:2      | Found a bloodstained altar of Trog.
  1433 | D:2      | Found an ancient bone altar of Kikubaaqudgha.
  1440 | D:2      | Reached skill level 4 in Spellcasting
  1546 | D:2      | Found a shattered altar of Ashenzari.
  1553 | D:2      | Found an opulent altar of Gozag.
  1558 | D:2      | Found a glowing silver altar of Zin.
  1947 | D:3      | Reached XP level 5. HP: 11/28 MP: 0/13
  2298 | D:3      | Found a glowing drain.
  2306 | Sewer    | Entered a sewer
  2404 | Sewer    | Noticed a crocodile
  2411 | Sewer    | Learned a level 4 spell: Sticky Flame
  2416 | Sewer    | Killed a crocodile
  2416 | Sewer    | Reached skill level 5 in Spellcasting
  2416 | Sewer    | Reached skill level 5 in Fire Magic
  2416 | Sewer    | Reached XP level 6. HP: 32/32 MP: 4/15
  2497 | Sewer    | Learned a level 5 spell: Fireball
  3207 | D:3      | Found a deep blue altar of Sif Muna.
  3578 | D:4      | Found a stormy altar of Qazlal.
  3582 | D:4      | Found a blossoming altar of Fedhas.
  3590 | D:4      | Reached skill level 6 in Spellcasting
  3827 | D:4      | Reached XP level 7. HP: 37/37 MP: 9/18
  3911 | D:4      | Noticed Natasha
  3917 | D:4      | Killed Natasha
  3955 | D:4      | Noticed Natasha
  3961 | D:4      | Killed Natasha
  4144 | D:4      | Noticed Natasha
  4147 | D:4      | Killed Natasha
  4189 | D:5      | Entered Level 5 of the Dungeon
  4318 | D:5      | Identified the cursed +1 robe of the Kettle-Drum {rC+ MR+
                  | Int-2}
  4577 | D:5      | Reached skill level 7 in Spellcasting
  4586 | D:5      | Found a burning altar of Makhleb.
  4586 | D:5      | Found a glowing golden altar of the Shining One.
  4855 | D:5      | Reached skill level 1 in Short Blades
  4862 | D:5      | Reached skill level 5 in Conjurations
  5195 | D:5      | Found a staircase to the Ecumenical Temple.
  5201 | Temple   | Entered the Ecumenical Temple
  5231 | Temple   | Became a worshipper of Vehumet
  5288 | D:5      | Reached XP level 8. HP: 42/42 MP: 16/20
  5682 | D:6      | Reached skill level 1 in Fighting
  5807 | D:6      | Noticed Sigmund
  5868 | D:6      | Reached skill level 8 in Spellcasting
  5869 | D:6      | Reached * piety under Vehumet
  5869 | D:6      | Offered knowledge of Magic Dart by Vehumet.
  5904 | D:6      | Found an iron altar of Okawaru.
  5915 | D:6      | Found a basalt altar of Yredelemnul.
  5999 | D:6      | Noticed a two-headed ogre
  6019 | D:6      | Killed a two-headed ogre
  6019 | D:6      | Reached skill level 9 in Spellcasting
  6019 | D:6      | Reached XP level 9. HP: 39/47 MP: 8/24
  6154 | D:6      | Found a runed translucent door.
  6155 | D:6      | Noticed Crazy Yiuf
  6162 | D:6      | Killed Crazy Yiuf
  6283 | D:6      | Killed Sigmund
  6283 | D:6      | Reached skill level 5 in Dodging
  6313 | D:6      | Noticed Grinder
  6320 | D:6      | Killed Grinder
  6527 | D:6      | Noticed Pikel
  6537 | D:6      | Killed Pikel
  6537 | D:6      | Reached skill level 10 in Spellcasting
  7116 | D:7      | Noticed Joseph
  7144 | D:7      | Killed Joseph
  7144 | D:7      | Reached skill level 11 in Spellcasting
  7144 | D:7      | Reached XP level 10. HP: 22/53 MP: 16/27
  7466 | D:7      | Offered knowledge of Sting by Vehumet.
  7589 | D:7      | Reached ** piety under Vehumet
  7882 | D:8      | Noticed a deep elf mage
  7884 | D:8      | Killed a deep elf mage
  7884 | D:8      | Reached skill level 1 in Armour
  8169 | D:8      | Found a staircase to the Lair.
  8349 | Lair:1   | Entered Level 1 of the Lair of Beasts
  8463 | Lair:1   | Noticed Urug
  8473 | Lair:1   | Killed Urug
  8473 | Lair:1   | Reached skill level 12 in Spellcasting
  8550 | Lair:1   | Noticed a five-headed hydra
  8556 | Lair:1   | Killed a five-headed hydra
  8556 | Lair:1   | Reached skill level 10 in Fire Magic
  8659 | Lair:1   | Reached XP level 11. HP: 57/57 MP: 24/29
  8827 | Lair:1   | Noticed Gastronok
  8840 | Lair:1   | Killed Gastronok
  8840 | Lair:1   | Offered knowledge of Mephitic Cloud by Vehumet.
  9152 | Lair:1   | Reached skill level 13 in Spellcasting
  9203 | Lair:1   | Noticed an oklob plant
  9289 | Lair:1   | Killed an oklob plant
  9320 | Lair:1   | Noticed an oklob plant
  9326 | Lair:1   | Killed an oklob plant
  9375 | Lair:1   | Noticed an oklob plant
  9380 | Lair:1   | Killed an oklob plant
  9386 | Lair:1   | Noticed an oklob plant
  9389 | Lair:1   | Killed an oklob plant
  9451 | Lair:1   | Got a pitted bronze ring
  9453 | Lair:1   | Identified the ring "Eplaexesch" {Str+5 Dex+4} (You found
                  | it on level 1 of the Lair of Beasts)
  9723 | Lair:2   | Reached *** piety under Vehumet
  9724 | Lair:2   | Reached skill level 10 in Conjurations
 10454 | Lair:2   | Reached skill level 14 in Spellcasting
 10785 | Lair:3   | Reached XP level 12. HP: 52/62 MP: 29/32
 10850 | Lair:3   | Offered knowledge of Ignite Poison by Vehumet.
 11509 | Lair:3   | Reached skill level 5 in Armour
 11738 | Lair:3   | Found a staircase to the Snake Pit.
 11846 | Lair:3   | HP: 3/64 [poisoned by a spiny frog]
 11854 | Lair:3   | HP: 3/64 [poisoned by a spiny frog]
 12432 | Lair:3   | Mangled by a swamp worm

Levels and vault maps discovered:
D:1:      dpeg_arrival_refuge, layout_basic
D:2:      layout_basic, grunt_temple_overflow_open,
          minmay_overflow_temple_star_quad
D:3:      minmay_general_purpose_star, layout_basic, lemuel_blue_sif_altar,
          lightli_sewer_entry_pipes, first_ration, hangedman_feature_mirror
D:4:      layout_basic, grunt_temple_overflow_forces_of_nature, uniq_natasha
D:5:      layout_loops_ring, gammafunk_temple_overflow_wave,
          minmay_temple_entry_enclosed_plants
D:6:      layout_rooms, nicolae_overflow_hidden_temple, uniq_crazy_yiuf_cottage,
          uniq_pikel, uniq_grinder, uniq_sigmund
D:7:      layout_cave_pools, uniq_joseph
D:8:      layout_basic, david_lair_shrubbed
Temple:   corrupted_temple
Lair:1:   minmay_lair_oklob_tunnel, layout_regular_city, st_stairs_5,
          serial_bayou_pond_e, serial_bayou_pond_c, minivault_24,
          infiniplex_staircase_pool_2, uniq_gastronok, uniq_urug
Lair:2:   layout_regular_city, grunt_megastairs_5
Lair:3:   layout_gridlike, dummy_snake_entry, grunt_megastairs_1,
          serial_bayou_shore_a, lemuel_fruit_fields
Lair:4:   layout_misc_corridors, minmay_shoals_entry_centaurs, worms_lemuel
Sewer:    sewer_the_crocodile

Skill      XL: |  1  2  3  4  5  6  7  8  9 10 11 12 |
---------------+-------------------------------------+-----
Fire Magic     | 4 5 6 7 8 10 11 | 11.8
Conjurations   | 2 4 5 6 7 9 10 11 | 11.2
Spellcasting   | 4 5 6 7 9 11 12 14 | 14.5
Stealth        | 3 4 |  4.3
Dodging        | 3 4 5 6 |  6.1
Short Blades   | 1 |  1.1
Fighting       | 1 2 |  2.4
Armour         | 2 4 5 |  5.1

Action                   |  1- 3 |  4- 6 |  7- 9 | 10-12 || total
-------------------------+-------+-------+-------+-------++-------
Melee: Dagger            |     2 |     6 |   139 |    87 ||   234
 Cast: Flame Tongue      |    65 |   155 |   151 |   144 ||   515
       Throw Flame       |       |     4 |    18 |    28 ||    50
       Sticky Flame      |       |     6 |    21 |    45 ||    72
       Conjure Flame     |       |       |     5 |     2 ||     7
       Fireball          |       |       |       |    63 ||    63
Evoke: Wand              |       |       |       |     1 ||     1
  Use: Scroll            |       |     5 |     4 |     7 ||    16
  Eat: Chunk             |       |     9 |    11 |    14 ||    34
       Ration            |       |       |       |     2 ||     2
Armor: Robe              |     4 |    27 |    22 |    19 ||    72
Dodge: Dodged            |    11 |    80 |    98 |    95 ||   284

Table legend:
 A = Non-vault XP
 B = Vault XP
 C = Vault XP percentage of total XP
 D = Non-vault monster count
 E = Vault monster count
 F = Vault count percentage of total count
                 A         B        C        D         E       F
            +---------+---------+-------+---------+---------+-------
      Total |   16462 |   11471 |  41.1 |     237 |      48 |  16.8
            +---------+---------+-------+---------+---------+-------
        D:1 |      31 |       0 |   0.0 |      19 |       0 |   0.0
        D:2 |     137 |       0 |   0.0 |      37 |       0 |   0.0
        D:3 |     171 |      95 |  35.7 |      26 |      16 |  38.1
        D:4 |     403 |      35 |   8.0 |      19 |       1 |   5.0
        D:5 |     461 |       0 |   0.0 |      16 |       0 |   0.0
        D:6 |    1805 |    1183 |  39.6 |      26 |       4 |  13.3
        D:7 |    1388 |     445 |  24.3 |      27 |       1 |   3.6
        D:8 |    1953 |     389 |  16.6 |      27 |       1 |   3.6
     Lair:1 |    2537 |    5790 |  69.5 |      10 |       9 |  47.4
     Lair:2 |    2489 |    2368 |  48.8 |      12 |       6 |  33.3
     Lair:3 |    3666 |    1045 |  22.2 |      12 |       4 |  25.0
     Lair:4 |    1421 |       0 |   0.0 |       6 |       0 |   0.0
      Sewer |       0 |     121 | 100.0 |       0 |       6 | 100.0
            +---------+---------+-------+---------+---------+-------
